 Dungeon Crawl Stone Soup version 0.30-a0-782-ge64f9170bb (webtiles) character file.

Game seed: 4062216517328432232

274 senseless the Cudgeller (level 6, -6/48 HPs)
             Began as a Demonspawn Berserker on Mar 1, 2023.
             Was a Believer of Trog.
             Mangled by an ogre
             ... wielding a +0 giant spiked club
              (16 damage)
             ... on level 4 of the Dungeon.
             The game lasted 00:09:23 (2794 turns).

senseless the Cudgeller (Demonspawn Berserker)      Turns: 2794, Time: 00:09:23

Health: -6/48      AC: 12    Str: 20    XL:     6   Next: 3%
Magic:  0/6        EV:  6    Int:  8    God:    Trog [**....]
Gold:   152        SH:  0    Dex: 12    Spells: 5/5 levels left

rFire   . . .      SeeInvis .    c - +1 flail (drain)
rCold   . . .      Faith    .    (no shield)
rNeg    . . .      Spirit   +    b - +0 plate armour
rPois   .          Reflect  .    (helmet restricted)
rElec   .          Harm     .    (no cloak)
rCorr   .          Rampage  .    (no gloves)
Will    ++...                    e - +0 pair of boots Stlth
                                 (no amulet)
HPRegen 1.28/turn                (no ring)
MPRegen 0.20/turn                (no ring)

@: strong-willed, regenerating
A: antennae 1, magic shield, magic regeneration, magic link
a: Renounce Religion, Berserk, Trog's Hand


You were on level 4 of the Dungeon.
You worshipped Trog.
Trog was pleased with you.
You visited 1 branch of the dungeon, and saw 4 of its levels.

You collected 152 gold pieces.

Inventory:

Hand Weapons
 a - a +1 mace
 c - a +1 flail of draining (weapon)
Missiles
 j - 5 curare-tipped darts (quivered)
 n - 5 silver javelins
 o - 5 javelins
Armour
 b - a +0 plate armour (worn)
 e - a +0 pair of boots (worn)
 f - a +0 helmet of intelligence
Wands
 i - a wand of roots (10)
Potions
 d - a potion of ambrosia
 h - 2 potions of heal wounds
 k - a potion of berserk rage
 m - a potion of degeneration {unknown}


   Skills:
 + Level 3.8 Fighting
 + Level 4.6 Maces & Flails
 + Level 3.3 Armour
 + Level 2.2 Dodging
 + Level 0.6 Stealth


You had 5 spell levels left.
You didn't know any spells.
Your spell library contained the following spells:

 Spells                   Type           Power      Damage    Failure   Level
 Beastly Appendage        Tmut           0%         N/A       100%        1
 Magic Dart               Conj           0%         1d3       100%        1
 Sandblast                Erth           0%         2d4       100%        1
 Call Imp                 Summ           0%         N/A       100%        2
 Searing Ray              Conj           0%         2d4       100%        2
 Wereblood                Tmut           0%         N/A       100%        2
 Ignite Poison            Fire/Tmut/Pois 0%         N/A       100%        3
 Kindle Blastsparks       Fire/Tloc/Air  0%         2d10      100%        3
 Mephitic Cloud           Conj/Pois/Air  0%         N/A       100%        3
 Spider Form              Tmut/Pois      0%         N/A       100%        3
 Fulminant Prism          Conj/Hex       0%         3d5       100%        4
 Leda's Liquefaction      Hex/Erth       0%         N/A       100%        4
 Freezing Cloud           Conj/Ice/Air   0%         6-21      100%        5
 Lee's Rapid Deconstruct  Erth           0%         3d4*      100%        5
 Statue Form              Tmut/Erth      0%         N/A       100%        6


Dungeon Overview and Level Annotations

Branches:
Dungeon (4/15)
 Temple: D:4-7

Altars:
Okawaru
Uskayaw


Innate Abilities, Weirdness & Mutations

You have a pair of small antennae on your head.
When hurt, damage is shared between your health and your magic reserves.
You regenerate magic rapidly.
When low on magic, you restore magic in place of health.


Message History

You feel yourself speed up.
You now have 120 gold pieces (gained 12).
You see here a black bear corpse.
You see here a black bear corpse.
You recover from your berserk rage.
An adder and a kobold come into view.
The adder hisses angrily.
The kobold shouts!
Search for what [Enter for "."]? .
You sock the adder!
You kill the adder!
Trog accepts your kill.
You have reached level 6!
Your demonic ancestry asserts itself...
A pair of antennae grows on your head!
Your +0 helmet of intelligence falls away!
You feel stupid.
You hit the kobold but do no damage. The kobold hits you but does no damage.
You barely miss the kobold. The kobold completely misses you.
You hit the kobold.
You kill the kobold!
Trog accepts your kill.
No target in view!
Things that are here:
a +0 short sword; 5 stones; a kobold corpse You now have 130 gold pieces (gained 10).
You pick up a book of the Earth and begin reading...
You add the spells Leda's Liquefaction, Lee's Rapid Deconstruction and Statue Form to your library.
You now have 138 gold pieces (gained 8).
You now have 152 gold pieces (gained 14).
An ogre comes into view. It is wielding a +0 giant spiked club.
The ogre hits you with a +0 giant spiked club!!
You hit the ogre. You drain the ogre.
The ogre is moderately wounded.
The ogre hits you with a +0 giant spiked club!!
* * * LOW HITPOINT WARNING * * *
You are too injured to fight recklessly!
Your skin crawls.
You feel strong-willed.
The ogre hits you with a +0 giant spiked club!!
You die...

### ..# #.#
..#####.##
#...........#
##....# #O.######
#####.....###
#@......# ##...
.......# #.#####.#
.#.## .....#.# #.#
....# #.#.##.# #.#
....# #.#.##.###.#
#...###.#.##.....#
...#.............#
...####....#######
.### #.##.#


You could see an ogre (drained).

Vanquished Creatures
  A black bear (D:4)
  2 orc wizards (D:4)
  5 adders
  2 worms (D:2)
  2 dart slugs
  9 orcs
  6 bats
  4 endoplasms
  2 giant cockroaches
  11 goblins
  A hobgoblin (D:1)
  2 jackals (D:3)
  8 kobolds
  4 ball pythons
  6 frilled lizards
  6 rats
71 creatures vanquished.

Notes
Turn   | Place    | Note
-------+----------+-------------------------------------------
     0 | D:1      | senseless the Demonspawn Berserker began the quest for the
                  | Orb.
     0 | D:1      | Reached XP level 1. HP: 18/18 MP: 1/1
   313 | D:1      | Reached skill level 3 in Maces & Flails
   315 | D:1      | Gained mutation: You regenerate magic rapidly. [demonic
                  | ancestry]
   315 | D:1      | Reached XP level 2. HP: 10/24 MP: 2/2
   675 | D:1      | Reached ** piety under Trog
   699 | D:1      | Found a faded altar of an unknown god.
   703 | D:1      | Got Plato's Opusculum on Earth
   978 | D:2      | Reached XP level 3. HP: 27/29 MP: 3/3
  1591 | D:3      | Found an iron altar of Okawaru.
  1657 | D:3      | Gained mutation: When hurt, damage is shared between your
                  | health and your magic reserves. [demonic ancestry]
  1657 | D:3      | Reached XP level 4. HP: 25/35 MP: 4/4
  1712 | D:3      | Found a hide-covered altar of Uskayaw.
  2070 | D:3      | Reached skill level 4 in Maces & Flails
  2227 | D:3      | Reached *** piety under Trog
  2396 | D:4      | Gained mutation: When low on magic, you restore magic in
                  | place of health. [demonic ancestry]
  2396 | D:4      | Reached XP level 5. HP: 37/37 MP: 5/5
  2653 | D:4      | Noticed a black bear
  2659 | D:4      | Killed a black bear
  2720 | D:4      | Gained mutation: You have a pair of small antennae on your
                  | head. [demonic ancestry]
  2720 | D:4      | Reached XP level 6. HP: 48/48 MP: 6/6
  2794 | D:4      | Mangled by an ogre

Illustrated notes

Levels and vault maps discovered:
D:1:      lemuel_arrival_cross, layout_basic,
          shapermc_ecumenical_altar_rom_forum, serial_park_tiny_pond
D:2:      layout_basic, minmay_pentomino_u2
D:3:      layout_loops_ring, mainiacjoe_overflow_concentric_impassable,
          nicolae_uskayaw_murder_on_the_dancefloor
D:4:      layout_loops_ring, minitemple, minmay_temple_entry_poolview,
          serial_bayou_pond_e, hangedman_decor_push, kennysheep_generic_room_6

Skill      XL: |  1  2  3  4  5 |
---------------+----------------+-----
Maces & Flails | 3 4 |  4.6
Armour         | 2 3 |  3.3
Dodging        | 2 |  2.2
Fighting       | |  3.8
Stealth        | |  0.6

Action                     |  1- 3 |  4- 6 || total
---------------------------+-------+-------++-------
  Melee: Mace              |   114 |    61 ||   175
         Punch             |     1 |       ||     1
         Flail             |       |    46 ||    46
 Invoke: Berserk           |       |     2 ||     2
         Trog's Hand       |       |     1 ||     1
    Use: Scroll            |     7 |     2 ||     9
   Stab: Sleeping          |     1 |       ||     1
 Armour: Animal skin       |    10 |       ||    10
         Ring mail         |    24 |     5 ||    29
         Plate armour      |       |    95 ||    95
  Dodge: Dodged            |    79 |    48 ||   127

Table legend: (Time is in decaauts)
 A = Elapsed time spent in this place.
 B = Non-inter-level travel time spent in this place.
 C = Inter-level travel time spent in this place.
 D = Time resting spent in this place.
 E = Time spent auto-exploring this place.
 F = Levels seen in this place.
 G = Mean time per level.
                   A        B        C        D        E       F      G
               +--------+--------+--------+--------+--------+-----+--------+
         Total |   2856 |   2788 |     68 |    148 |   2026 |   4 |  714.0 |
       Dungeon |   2856 |   2788 |     68 |    148 |   2026 |   4 |  714.0 |
               +--------+--------+--------+--------+--------+-----+--------+

Top non-repeatable levels by time:
     D:3: 882 daAuts
     D:1: 858 daAuts
     D:2: 735 daAuts
     D:4: 379 daAuts
